 Dungeon Crawl Stone Soup version 0.28.0-43-g3370ac3207 (webtiles) character file.

Game seed: 14613026504860311997

103 NinjaNoafa the Sneak (level 5, 0/46 HPs)
             Began as a Kobold Brigand on Apr 1, 2022.
             Was a Priest of Cheibriados.
             Slain by an adder (2 damage)
             ... on level 3 of the Dungeon.
             The game lasted 00:08:27 (1999 turns).

NinjaNoafa the Sneak (Kobold Brigand)               Turns: 1999, Time: 00:08:28

Health: 0/46       AC: 22    Str: 13 (14) XL:     5   Next: 6%
Magic:  5/5        EV:  3    Int: 17 (19) God:    Cheibriados [***...]
Gold:   69         SH:  0    Dex: 21 (22) Spells: 5/5 levels left

rFire   . . .      SeeInvis .   a - +2 dagger
rCold   . . .      Faith    .   (no shield)
rNeg    . . .      Spirit   .   (armour currently unavailable)
rPois   +          Reflect  .   (helmet currently unavailable)
rElec   .          Harm     .   (cloak currently unavailable)
rCorr   .          Rampage  .   (gloves currently unavailable)
Will    +....      NoTele   +   (boots currently unavailable)
Stlth   +++++.....              (no amulet)
HPRegen 0.15/turn               h - +4 ring of evasion
MPRegen 0.09/turn               (no ring)

@: lethally poisoned (0 -> -2), tree-form, very slow
A: stationary, stasis, torment immunity, boosted hp, small, no large weapons,
nightstalker 3, clumsy 1, (fire resistance 1), strong-willed 1
a: Renounce Religion, Bend Time, Temporal Distortion


You were on level 3 of the Dungeon.
You worshipped Cheibriados.
Cheibriados was most pleased with you.
You were a tree.
You visited 1 branch of the dungeon, and saw 3 of its levels.

You collected 69 gold pieces.

Inventory:

Hand Weapons
 a - a +2 dagger (weapon)
Missiles
 d - 8 poisoned darts (quivered)
 e - 2 curare-tipped darts
 g - 101 stones
Armour
 b - a +0 robe
 c - a +0 cloak (melded)
 n - a +0 leather armour (melded)
Jewellery
 h - a +4 ring of evasion (left branch)
Scrolls
 i - 3 scrolls of brand weapon {unknown}
 k - a scroll of identify {unknown}
 m - a scroll of enchant weapon {unknown}
 o - a scroll of immolation {unknown}


   Skills:
 + Level 2.6 Fighting
 + Level 4.0 Short Blades
 + Level 2.7 Throwing
 + Level 2.2 Dodging
 + Level 6.1 Stealth
 * Level 0.5 Spellcasting
 * Level 0.8 Hexes


You had 5 spell levels left.
You didn't know any spells.
Your spell library contained the following spells:

 Spells                   Type           Power      Damage    Failure   Level
 Confusing Touch          Hex            3%         N/A       43%         3
 Yara's Violent Unravell  Hex/Tmut       0%         3d3       99%         5
 Enfeeble                 Hex            1%         N/A       100%        7


Dungeon Overview and Level Annotations

Branches:
Dungeon (3/15)

Altars:
Cheibriados
Kikubaaqudgha

Shops:
D:2 (


Innate Abilities, Weirdness & Mutations

You are a tree.
Your roots penetrate the ground, keeping you stationary.
You cannot be teleported.
You are immune to unholy pain and torment.
Your maximum health is greatly increased.
Your equipment is partially melded.
You are small and have problems with some larger weapons.
You are completely attuned to the shadows.
You are clumsy. (Dex -2)
((Your flesh is heat resistant. (rF+)))
You are strong-willed. (Will+)


Message History

You are lethally poisoned!
The adder poisons you!
You barely miss the adder.
The adder is moderately wounded.
* * * LOW HITPOINT WARNING * * *
You feel sick. The adder misses you.
Okay, then.
It was a potion of lignification.
You turn into a tree.
Your +0 cloak melds into your body.
Your +0 leather armour melds into your body.
Your roots penetrate the ground.
You feel sick. The adder barely misses you.
You hit the adder.
The adder is heavily wounded.
You feel sick. The adder bites you but does no damage. The adder bites you.
* * * LOW HITPOINT WARNING * * *
Throw: 10 darts (poison)
Press: ? - help, Q - select action, (/) - cycle Shift-Dir - straight line, f - adder
Aim: an adder (heavily wounded, 51% to hit)
You throw a poisoned dart. The poisoned dart misses the adder.
* * * LOW HITPOINT WARNING * * *
You feel sick. The adder bites you but does no damage.
It was a potion of mutation.
You feel extremely strange.
You feel strong-willed.
You feel resistant to heat.
You feel clumsy. The adder bites you but does no damage.
It was a potion of degeneration.
There was something very wrong with that liquid.
You feel weakened.
You feel dopey.
You feel clumsy.
* * * LOW HITPOINT WARNING * * *
You feel sick. The adder bites you but does no damage.
As you read the scroll labelled DIUMALO INUIT, it crumbles to dust.
The scroll dissolves into smoke.
It was a scroll of fog.
* * * LOW HITPOINT WARNING * * *
You feel sick.
The adder bites you but does no damage. x2
Throw: 9 darts (poison)
Press: ? - help, Q - select action, (/) - cycle Shift-Dir - straight line, f/p - adder
Aim: an adder (blue smoke, heavily wounded, 48% to hit)
You throw a poisoned dart.
The poisoned dart closely misses the adder.
The adder bites you.
You die...

#.# ##.# #.. #
...# #... #.###
..#####'####§...
#.#.##
#.......##§§§..
##....#
#..).†...§♣§§..
.......
##....####S§§..
#....# #.#.##
##.... #.#.##
#.#.# #...
#...... .###.#.#
#.. #..####
.......# #.. ..#
####.###.. #.
#.# #.# #.# #.#
#.# #.# ##.##
.###.#


You could see an adder.

Vanquished Creatures
  5 adders
  A worm (D:3)
  An orc (D:3)
  6 ball pythons
  10 bats
  8 endoplasms
  A giant cockroach (D:1)
  5 goblins
  3 hobgoblins (D:1)
  2 quokkas (D:1)
  A frilled lizard (D:1)
  4 kobolds
  8 rats
55 creatures vanquished.

Notes
Turn   | Place    | Note
-------+----------+-------------------------------------------
     0 | D:1      | NinjaNoafa the Kobold Brigand began the quest for the Orb.
     0 | D:1      | Reached XP level 1. HP: 12/12 MP: 1/1
    90 | D:1      | Reached XP level 2. HP: 13/17 MP: 2/2
   496 | D:1      | Found a faded altar of an unknown god.
   501 | D:1      | Prayed at the altar of an unknown god.
   501 | D:1      | Became a worshipper of Cheibriados the Contemplative
   501 | D:1      | Reached * piety under Cheibriados
   586 | D:1      | Reached XP level 3. HP: 22/22 MP: 3/3
   948 | D:2      | Reached ** piety under Cheibriados
   959 | D:2      | Found an ancient bone altar of Kikubaaqudgha.
  1005 | D:2      | Found Louthro's Weapon Shop.
  1158 | D:2      | Reached XP level 4. HP: 24/27 MP: 4/4
  1252 | D:2      | Reached skill level 6 in Stealth
  1812 | D:3      | Reached *** piety under Cheibriados
  1930 | D:3      | Reached XP level 5. HP: 31/31 MP: 5/5
  1996 | D:3      | Gained mutation: You are strong-willed. (Will+) [potion of
                  | mutation]
  1996 | D:3      | Gained mutation: Your flesh is heat resistant. (rF+)
                  | [potion of mutation]
  1996 | D:3      | Gained mutation: You are clumsy. (Dex -2) [potion of
                  | mutation]
  1998 | D:3      | HP: 2/46 [poisoned by an adder]
  1999 | D:3      | Slain by an adder

Illustrated notes

Levels and vault maps discovered:
D:1:      wander_arrival_estate, layout_loops_cross,
          shapermc_ecumenical_altar_petra, bh_walls_and_bars
D:2:      layout_basic, serial_shops, nicolae_shop_bloodbath_and_beyond,
          basic_altar
D:3:      layout_loops_corners, gammafunk_ghost_smash, minmay_misc_feat_encased

Skill      XL: |  1  2  3  4 |
---------------+-------------+-----
Short Blades   | 3 4 |  4.0
Dodging        | 2 |  2.2
Stealth        | 6 |  6.1
Fighting       | |  2.6
Throwing       | |  2.7
Spellcasting   | |  0.5
Hexes          | |  0.8

Action                   |  1- 3 |  4- 6 || total
-------------------------+-------+-------++-------
Melee: Dagger            |    64 |    64 ||   128
       Punch             |       |     2 ||     2
Throw: Dart              |     2 |     5 ||     7
  Use: Potion            |       |     3 ||     3
       Scroll            |       |     1 ||     1
 Stab: Sleeping          |    24 |    11 ||    35
Armor: Robe              |     7 |     6 ||    13
       Skin              |       |     6 ||     6
       Leather armour    |       |     4 ||     4
Dodge: Dodged            |    33 |    53 ||    86
